TOP OF THE 1ST |
Yakima Hops batting - Pitching for Virginia Beach Deuces : LHP Nicolaas de Jongh
|
Pitching: LHP Nicolaas de Jongh
|
|
Batting: RHB Sergio Torres
|
0-0: Ball 1-0: Called Strike 1-1: Ground out 3-1 (Groundball, 34S)
|
Batting: RHB Bob Houghton
|
0-0: Ball 1-0: Ball 2-0: Ball 3-0: Base on Balls
|
Batting: RHB Vonne Navarrete
|
0-0: Ball 1-0: Ball 2-0: Called Strike 2-1: Swinging Strike 2-2: Fielders Choice at 2nd, 1-6 (Groundball, 13S)
|
Batting: LHB Gustavo Deleón
|
0-0: Called Strike 0-1: Ball 1-1: SINGLE (Popup, 3D) Vonne Navarrete to second Runner from 2nd tries for 3rd, SAFE, no throw
|
Batting: RHB Lee Scrooby
|
0-0: Ball 1-0: Called Strike 1-1: Ball 2-1: Swinging Strike 2-2: Ball 3-2: Base on Balls Gustavo Deleón to second
|
Batting: LHB Wulf Paauwe
|
0-0: Ball 1-0: Ball 2-0: SINGLE (Line Drive, 4M) Vonne Navarrete scores Gustavo Deleón to third Lee Scrooby to second
|
Batting: RHB Carlo Beedle
|
0-0: Called Strike 0-1: Ball 1-1: Ball 2-1: Foul Ball, location: 2F 2-2: Foul Ball, location: 2F 2-2: SINGLE (Flyball, 89S) Gustavo Deleón scores Lee Scrooby to third Wulf Paauwe to second
|
Batting: LHB Héctor Velázquez
|
0-0: Ball 1-0: Foul Ball, location: 2F 1-1: Called Strike 1-2: Strikes out swinging
|
Top of the 1st over - 2 runs, 3 hits, 0 errors, 3 left on base; Yakima 2 - Virginia Beach 0 |
BOTTOM OF THE 1ST |
Virginia Beach Deuces batting - Pitching for Yakima Hops : LHP José Vélez
|
Pitching: LHP José Vélez
|
|
Batting: SHB Arvo Helminen
|
0-0: Called Strike 0-1: Called Strike 0-2: Foul Ball, location: 2F 0-2: SINGLE (Groundball, 34D)
|
Batting: RHB Luis Díaz
|
0-0: Ball 1-0: Ball 2-0: Ball 3-0: Called Strike 3-1: Base on Balls Arvo Helminen to second
|
Batting: RHB Paul Byrd
|
0-0: Fly out, F4 (Popup, 4M)
|
Batting: LHB Jaime Aguilar
|
0-0: Called Strike 0-1: Ball 1-1: Ball Arvo Helminen steals 3rd base Luis Díaz to second 2-1: Fly out, F8 (Flyball, 89D) Runner from 3rd tags up, SCORES, throw made
|
Batting: RHB Richard Sonntag
|
0-0: Called Strike 0-1: Ball 1-1: Called Strike 1-2: Fly out, F6 (Popup, 6MD)
|
Bottom of the 1st over - 1 run, 1 hit, 0 errors, 1 left on base; Yakima 2 - Virginia Beach 1 |
TOP OF THE 2ND |
Yakima Hops batting - Pitching for Virginia Beach Deuces : LHP Nicolaas de Jongh
|
Batting: SHB Zack Murphy
|
0-0: Fly out, F9 (Line Drive, 89D)
|
Batting: RHB Sergio Torres
|
0-0: Ball 1-0: Foul Ball, location: 2F 1-1: SINGLE (Line Drive, 4D)
|
Batting: RHB Bob Houghton
|
0-0: Ball 1-0: Fielders Choice at 2nd, 1-6 (Groundball, P)
|
Batting: RHB Vonne Navarrete
|
0-0: Called Strike 0-1: Ball 1-1: SINGLE (Groundball, 56D) Bob Houghton to second Runner from 2nd tries for 3rd, SAFE, no throw
|
Batting: LHB Gustavo Deleón
|
0-0: Called Strike 0-1: Ball Wild Pitch! Bob Houghton scores Vonne Navarrete to second 1-1: DOUBLE (Flyball, 78D) Vonne Navarrete scores
|
Batting: RHB Lee Scrooby
|
0-0: Foul Ball, location: 2F 0-1: Called Strike 0-2: Foul Ball, location: 2F 0-2: Ball 1-2: Ball 2-2: Ground out 5-3 (Groundball, 5L)
|
Top of the 2nd over - 2 runs, 3 hits, 0 errors, 1 left on base; Yakima 4 - Virginia Beach 1 |
BOTTOM OF THE 2ND |
Virginia Beach Deuces batting - Pitching for Yakima Hops : LHP José Vélez
|
Batting: SHB Iikka Karpinen
|
0-0: Ball 1-0: Swinging Strike 1-1: Called Strike 1-2: Ball 2-2: Ball 3-2: Fly out, F8 (Flyball, 78M)
|
Batting: LHB Yi-da Yee
|
0-0: Called Strike 0-1: Ground out U3 (Groundball, 34S)
|
Batting: RHB Juan González
|
0-0: Swinging Strike 0-1: SINGLE (Groundball, 56D)
|
Batting: RHB Gerardo Espinoza
|
0-0: Called Strike 0-1: Called Strike 0-2: Ball 1-2: Strikes out swinging
|
Bottom of the 2nd over - 0 runs, 1 hit, 0 errors, 1 left on base; Yakima 4 - Virginia Beach 1 |
TOP OF THE 3RD |
Yakima Hops batting - Pitching for Virginia Beach Deuces : LHP Nicolaas de Jongh
|
Batting: LHB Wulf Paauwe
|
0-0: Ball 1-0: Ball 2-0: SINGLE (Line Drive, 8RS)
|
Batting: RHB Carlo Beedle
|
0-0: Called Strike 0-1: Ball 1-1: Ball 2-1: Swinging Strike 2-2: Ball 3-2: Grounds into double play, 1-6-3 (Groundball, 13)
|
Batting: LHB Héctor Velázquez
|
0-0: Called Strike 0-1: Foul Ball, location: 2F 0-2: Ball 1-2: Strikes out looking
|
Top of the 3rd over - 0 runs, 1 hit, 0 errors, 0 left on base; Yakima 4 - Virginia Beach 1 |
BOTTOM OF THE 3RD |
Virginia Beach Deuces batting - Pitching for Yakima Hops : LHP José Vélez
|
Batting: SHB Arvo Helminen
|
0-0: Foul Ball, location: 2F 0-1: Called Strike 0-2: Strikes out swinging, 2-3 out at first.
|
Batting: RHB Luis Díaz
|
0-0: Ball 1-0: Ball 2-0: Foul Ball, location: 2F 2-1: Swinging Strike 2-2: Foul Ball, location: 2F 2-2: Ball 3-2: DOUBLE (Flyball, 89XD)
|
Batting: RHB Paul Byrd
|
0-0: Ball 1-0: Reached on error, E5 (Groundball, 56S) Luis Díaz to third
|
Batting: LHB Jaime Aguilar
|
0-0: Ball 1-0: Ball 2-0: Called Strike 2-1: Ball 3-1: Called Strike 3-2: Grounds into double play, 5-4-3 (Groundball, 5)
|
Bottom of the 3rd over - 0 runs, 1 hit, 1 error, 1 left on base; Yakima 4 - Virginia Beach 1 |
TOP OF THE 4TH |
Yakima Hops batting - Pitching for Virginia Beach Deuces : LHP Nicolaas de Jongh
|
Batting: SHB Zack Murphy
|
0-0: Called Strike 0-1: Ball 1-1: Foul Ball, location: 2F 1-2: Ground out 6-3 (Groundball, 6)
|
Batting: RHB Sergio Torres
|
0-0: Called Strike 0-1: Ball 1-1: DOUBLE (Line Drive, 7LM)
|
Batting: RHB Bob Houghton
|
0-0: Called Strike 0-1: Ground out 6-3 (Groundball, 56)
|
Batting: RHB Vonne Navarrete
|
0-0: Ball 1-0: Ball 2-0: Called Strike 2-1: Ball 3-1: Base on Balls
|
Batting: LHB Gustavo Deleón
|
0-0: Foul Ball, location: 2F 0-1: Ball 1-1: Swinging Strike 1-2: Ball 2-2: Ball 3-2: Ground out 5-3 (Groundball, 5S)
|
Top of the 4th over - 0 runs, 1 hit, 0 errors, 2 left on base; Yakima 4 - Virginia Beach 1 |
BOTTOM OF THE 4TH |
Virginia Beach Deuces batting - Pitching for Yakima Hops : LHP José Vélez
|
Batting: RHB Richard Sonntag
|
0-0: Ball 1-0: Foul Ball, location: 2F 1-1: Ball 2-1: Ball 3-1: Fly out, F4 (Popup, 4D)
|
Batting: SHB Iikka Karpinen
|
0-0: Ball 1-0: Swinging Strike 1-1: Foul Ball, location: 2F 1-2: Reached on error, E1 (Groundball, 13S)
|
Batting: LHB Yi-da Yee
|
0-0: Ball 1-0: Called Strike Throwing error on steal attempt, E2 Iikka Karpinen to third 1-1: Ball 2-1: Fly out, F8 (Flyball, 8LD) Runner from 3rd tags up, SCORES, no throw
|
Batting: RHB Juan González
|
0-0: Ball 1-0: Ball 2-0: Ball 3-0: Called Strike 3-1: Base on Balls
|
Batting: RHB Gerardo Espinoza
|
0-0: Ball 1-0: Foul Ball, location: 2F 1-1: DOUBLE (Flyball, 8RXD) Juan González to third
|
Batting: SHB Arvo Helminen
|
0-0: Called Strike 0-1: Called Strike 0-2: Foul Ball, location: 2F 0-2: Ball 1-2: Ball 2-2: Ball 3-2: Base on Balls
|
Batting: RHB Luis Díaz
|
0-0: Called Strike 0-1: Ball 1-1: Foul Ball, location: 2F 1-2: Ball 2-2: Strikes out looking
|
Bottom of the 4th over - 1 run, 1 hit, 2 errors, 3 left on base; Yakima 4 - Virginia Beach 2 |
TOP OF THE 5TH |
Yakima Hops batting - Pitching for Virginia Beach Deuces : LHP Nicolaas de Jongh
|
Batting: RHB Lee Scrooby
|
0-0: Ball 1-0: Called Strike 1-1: Ball 2-1: SINGLE (Flyball, 7S)
|
Batting: LHB Wulf Paauwe
|
0-0: Ball 1-0: Bunted foul 1-1: Ball 2-1: Ball 3-1: Sac Bunt - play at first, batter OUT! 1-4 Lee Scrooby to second
|
Pitching: LHP Gwang-soo Park
|
|
Batting: RHB Carlo Beedle
|
0-0: Called Strike 0-1: Ground out 6-3 (Groundball, 6)
|
Batting: LHB Héctor Velázquez
|
0-0: Ball 1-0: Ball 2-0: Called Strike 2-1: Ball 3-1: Called Strike 3-2: Foul Ball, location: 2F 3-2: Base on Balls
|
Batting: SHB Zack Murphy
|
0-0: Called Strike 0-1: Ball 1-1: Ball 2-1: Ground out 5-3 (Groundball, 56S)
|
Top of the 5th over - 0 runs, 1 hit, 0 errors, 2 left on base; Yakima 4 - Virginia Beach 2 |
BOTTOM OF THE 5TH |
Virginia Beach Deuces batting - Pitching for Yakima Hops : LHP José Vélez
|
Batting: RHB Paul Byrd
|
0-0: Ball 1-0: Called Strike 1-1: Ball 2-1: Ball 3-1: Base on Balls
|
Batting: LHB Jaime Aguilar
|
0-0: Ball 1-0: Called Strike 1-1: Ball 2-1: Foul Ball, location: 2F 2-2: Foul Ball, location: 2F 2-2: Ball 3-2: Ground out 4-3 (Groundball, 34D) Paul Byrd to second
|
Pitching: RHP Rodrigo Hagen
|
|
Batting: RHB Richard Sonntag
|
0-0: Swinging Strike 0-1: Ball 1-1: Ball 2-1: Foul Ball, location: 2F 2-2: Strikes out swinging
|
Batting: SHB Iikka Karpinen
|
0-0: Swinging Strike 0-1: Called Strike 0-2: Ball 1-2: Ball 2-2: Strikes out swinging
|
Bottom of the 5th over - 0 runs, 0 hits, 0 errors, 1 left on base; Yakima 4 - Virginia Beach 2 |
TOP OF THE 6TH |
Yakima Hops batting - Pitching for Virginia Beach Deuces : LHP Gwang-soo Park
|
Batting: RHB Sergio Torres
|
0-0: Called Strike 0-1: Ball 1-1: Fly out, F8 (Flyball, 8RXD)
|
Batting: RHB Bob Houghton
|
0-0: Fly out, F7 (Flyball, 7D)
|
Batting: RHB Vonne Navarrete
|
0-0: Ball 1-0: Ball 2-0: Foul Ball, location: 2F 2-1: Fly out, F2 (Popup, 2LF)
|
Top of the 6th over - 0 runs, 0 hits, 0 errors, 0 left on base; Yakima 4 - Virginia Beach 2 |
BOTTOM OF THE 6TH |
Virginia Beach Deuces batting - Pitching for Yakima Hops : RHP Rodrigo Hagen
|
Batting: LHB Yi-da Yee
|
0-0: Ball 1-0: Foul Ball, location: 2F 1-1: Ball 2-1: SINGLE (Line Drive, 6MD)
|
Pinch Runner at 1st Alejandro Bracamonte:
|
|
Batting: RHB Juan González
|
0-0: Foul Ball, location: 2F 0-1: Ball 1-1: Foul Ball, location: 2F 1-2: Ball 2-2: Foul Ball, location: 2F 2-2: Foul Ball, location: 2F 2-2: Foul Ball, location: 2F 2-2: SINGLE (Line Drive, 56S) Alejandro Bracamonte to second
|
Batting: RHB Gerardo Espinoza
|
0-0: Sac Bunt - play at first, batter OUT! 1-3 Alejandro Bracamonte to third Juan González to second
|
Batting: SHB Arvo Helminen
|
0-0: Ball 1-0: TRIPLE (Flyball, 89XD) Alejandro Bracamonte scores Juan González scores
|
Batting: RHB Luis Díaz
|
0-0: Ball 1-0: Foul Ball, location: 2F 1-1: Called Strike 1-2: Ground out 4-3 (Groundball, 4S) Arvo Helminen scores
|
Batting: RHB Paul Byrd
|
0-0: Ball 1-0: Foul Ball, location: 2F 1-1: Ball 2-1: Ball 3-1: Called Strike 3-2: Base on Balls
|
Pitching: LHP Jorge Pliego
|
|
Batting: LHB Jaime Aguilar
|
0-0: Foul Ball, location: 2F 0-1: Foul Ball, location: 2F 0-2: 2-RUN HOME RUN (Flyball, 7LD), Distance : 380 ft
|
Batting: RHB Richard Sonntag
|
0-0: Ball 1-0: Called Strike 1-1: Fly out, F8 (Flyball, 8LD)
|
Bottom of the 6th over - 5 runs, 4 hits, 0 errors, 0 left on base; Yakima 4 - Virginia Beach 7 |
TOP OF THE 7TH |
Yakima Hops batting - Pitching for Virginia Beach Deuces : LHP Gwang-soo Park
|
Now at 3B: Leo Szilard
|
|
Batting: LHB Gustavo Deleón
|
0-0: Ball 1-0: Ball 2-0: Called Strike 2-1: Foul Ball, location: 2F 2-2: Ball 3-2: Foul Ball, location: 2F 3-2: Ground out 4-3 (Groundball, 4M)
|
Batting: RHB Lee Scrooby
|
0-0: Ball 1-0: Ball 2-0: Foul Ball, location: 2F 2-1: Ball 3-1: Base on Balls
|
Batting: LHB Wulf Paauwe
|
0-0: Fly out, F8 (Flyball, 8LD)
|
Batting: RHB Carlo Beedle
|
0-0: Ball 1-0: Ball 2-0: Called Strike 2-1: Foul Ball, location: 2F 2-2: Ball 3-2: Base on Balls Lee Scrooby to second
|
Batting: LHB Héctor Velázquez
|
0-0: Fly out, F8 (Flyball, 89M)
|
Top of the 7th over - 0 runs, 0 hits, 0 errors, 2 left on base; Yakima 4 - Virginia Beach 7 |
BOTTOM OF THE 7TH |
Virginia Beach Deuces batting - Pitching for Yakima Hops : LHP Jorge Pliego
|
Batting: SHB Iikka Karpinen
|
0-0: Swinging Strike 0-1: Foul Ball, location: 2F 0-2: Ball 1-2: Strikes out swinging
|
Batting: SHB Leo Szilard
|
0-0: Ball 1-0: Ball 2-0: Called Strike 2-1: Foul Ball, location: 2F 2-2: Foul Ball, location: 2F 2-2: Ball 3-2: Strikes out swinging
|
Batting: RHB Juan González
|
0-0: Ball 1-0: Ball 2-0: Ball 3-0: Base on Balls
|
Batting: RHB Gerardo Espinoza
|
0-0: Called Strike 0-1: Ball 1-1: Foul Ball, location: 2F 1-2: Foul Ball, location: 2F 1-2: Fielders Choice at 2nd, 5-4 (Groundball, 56)
|
Bottom of the 7th over - 0 runs, 0 hits, 0 errors, 1 left on base; Yakima 4 - Virginia Beach 7 |
TOP OF THE 8TH |
Yakima Hops batting - Pitching for Virginia Beach Deuces : LHP Gwang-soo Park
|
Batting: SHB Zack Murphy
|
0-0: Ball 1-0: Ball 2-0: Fly out, F7 (Flyball, 7)
|
Batting: RHB Sergio Torres
|
0-0: Called Strike 0-1: Called Strike 0-2: Ground out 4-3 (Groundball, 4)
|
Batting: RHB Bob Houghton
|
0-0: Ball 1-0: DOUBLE (Line Drive, 7LD)
|
Batting: RHB Vonne Navarrete
|
0-0: Ball 1-0: DOUBLE (Line Drive, 9LM) Bob Houghton scores
|
Batting: LHB Gustavo Deleón
|
0-0: Ball 1-0: Called Strike 1-1: Ball 2-1: Foul Ball, location: 2F 2-2: Foul Ball, location: 2F 2-2: Foul Ball, location: 2F 2-2: Strikes out swinging
|
Top of the 8th over - 1 run, 2 hits, 0 errors, 1 left on base; Yakima 5 - Virginia Beach 7 |
BOTTOM OF THE 8TH |
Virginia Beach Deuces batting - Pitching for Yakima Hops : LHP Jorge Pliego
|
Batting: SHB Arvo Helminen
|
0-0: Called Strike 0-1: Ground out 6-3 (Groundball, 6)
|
Batting: RHB Luis Díaz
|
0-0: Ball 1-0: Ball 2-0: Ball 3-0: Base on Balls
|
Batting: RHB Paul Byrd
|
0-0: Ball 1-0: Called Strike 1-1: Fly out, F3 (Popup, 3F)
|
Batting: LHB Jaime Aguilar
|
0-0: Called Strike Throwing error on steal attempt, E2 Luis Díaz to third 0-1: Ball 1-1: SINGLE (Groundball, 34D) Luis Díaz scores
|
Batting: RHB Richard Sonntag
|
0-0: Called Strike 0-1: DOUBLE (Flyball, 8LXD) Jaime Aguilar to third
|
Batting: SHB Iikka Karpinen
|
0-0: Foul Ball, location: 2F 0-1: SINGLE (Line Drive, 56) Jaime Aguilar scores Richard Sonntag to third
|
Pitching: RHP Héctor Navarro
|
|
Batting: SHB Leo Szilard
|
0-0: Ball 1-0: Ball 2-0: Called Strike 2-1: Foul Ball, location: 2F 2-2: Foul Ball, location: 2F 2-2: Ball 3-2: Foul Ball, location: 2F 3-2: Ground out 6-3 (Groundball, 56D)
|
Bottom of the 8th over - 2 runs, 3 hits, 1 error, 2 left on base; Yakima 5 - Virginia Beach 9 |
TOP OF THE 9TH |
Yakima Hops batting - Pitching for Virginia Beach Deuces : LHP Gwang-soo Park
|
Pitching: RHP Kenny Hannah
|
|
Batting: RHB Lee Scrooby
|
0-0: Called Strike 0-1: Fly out, F7 (Flyball, 7S)
|
Batting: LHB Wulf Paauwe
|
0-0: Ground out 4-3 (Groundball, 4S)
|
Batting: RHB Carlo Beedle
|
0-0: SINGLE (Flyball, 89S)
|
Batting: LHB Héctor Velázquez
|
0-0: Ball 1-0: Foul Ball, location: 2F 1-1: Foul Ball, location: 2F 1-2: Strikes out swinging, 2-3 out at first.
|
Top of the 9th over - 0 runs, 1 hit, 0 errors, 1 left on base; Yakima 5 - Virginia Beach 9 |
|